AoeStats
← 海霸天

Black Forest

509683380Analyzed
4v4 RM · 5d ago on Sep 27, 2026· 38m 47s· 8 players
Game mode
Random Map
Map size
Large (8 player)
Population
200
Speed
Normal
Resources
Standard
Victory
Conquest
Starting age
Dark Age
Ending age
Imperial Age
RankedLock teamsTeams togetherTeam positionsShared explorationLock speedFull tech treeHidden civsTurbo modeCheats
Victory
Defeat
🇨🇴 Portuguese · Colombia
757
+14
🇨🇱 Khmer · Chile
750
+14
🇧🇷 Persians · Brazil
727
+15
🇦🇷 Teutons · Argentina
724
+16
🇵🇱 Huns · Poland
781
-17
🇲🇽 Byzantines · Mexico
774
-17
🇹🇷 Franks · Türkiye
676
-13
🇹🇼 Dravidians · Taiwan
631
-12
L3GAL
0:33 Loom
13:42 Feudal Age
14:20 Double-Bit Axe
19:16 Horse Collar
23:45 Fletching
26:27 Castle Age
24:26 Gold Mining
25:45 Stone Mining
26:22 Fishing Lines
27:28 Forging
27:07 Arson
28:13 Wheelbarrow
29:10 Gillnets
30:59 Bow Saw
31:10 Fervor
31:43 Heavy Plow
33:37 Hand Cart
33:37 Town Watch
33:50 Pikeman
35:21 Caravan
35:50 Scale Mail Armor
36:26 Iron Casting
37:58 Chain Mail Armor
37:39 Bodkin Arrow
93arthas
0:48 Loom
14:04 Feudal Age
14:33 Horse Collar
14:40 Double-Bit Axe
17:20 Man-at-Arms
18:05 Fishing Lines
19:13 Fletching
19:26 Scale Mail Armor
20:33 Forging
20:31 Arson
22:49 Wheelbarrow
23:11 Padded Archer Armor
26:45 Castle Age
26:13 Gold Mining
27:39 Bodkin Arrow
27:23 Long Swordsman
29:51 Guard Tower
39:09 Imperial Age
36:28 Town Watch
DoRiOs
11:17 Feudal Age
12:41 Wheelbarrow
11:54 Double-Bit Axe
18:51 Castle Age
20:28 Bow Saw
21:15 Gold Mining
21:16 Stone Mining
21:53 Loom
23:29 Horse Collar
26:11 Hand Cart
28:11 Fletching
28:33 Forging
28:28 Scale Barding Armor
28:24 Padded Archer Armor
30:19 Heavy Plow
30:38 Crossbowman
31:27 Thumb Ring
32:21 Kamandaran
31:46 Man-at-Arms
32:28 Squires
34:15 Bodkin Arrow
34:45 Leather Archer Armor
37:22 Ballistics
39:37 Imperial Age
37:15 Caravan
Jx
0:29 Loom
15:23 Feudal Age
17:53 Wheelbarrow
17:03 Town Watch
17:06 Double-Bit Axe
17:02 Horse Collar
19:55 Castle Age
23:47 Hand Cart
24:48 Heavy Plow
30:48 Town Patrol
36:48 Imperial Age
34:45 Scale Barding Armor
34:50 Forging
35:12 Light Cavalry
36:02 Bloodlines
35:52 Husbandry
37:18 Chain Barding Armor
37:33 Iron Casting
37:11 Fortified Wall
37:22 Ballistics
37:12 Masonry
36:58 Murder Holes
Osiedlowy wariacik
21:35 Feudal Age
29:07 Castle Age
Çandarlı-Fisiyin- Pasa
0:33 Loom
15:51 Feudal Age
16:29 Double-Bit Axe
18:41 Town Watch
20:19 Town Watch
25:35 Wheelbarrow
29:34 Gold Mining
29:35 Stone Mining
33:15 Castle Age
海霸天
4:33 Loom
12:26 Feudal Age
13:10 Fishing Lines
13:30 Double-Bit Axe
16:02 Scale Barding Armor
15:45 Man-at-Arms
25:35 Castle Age
25:18 Wheelbarrow
26:12 Fletching
26:22 Padded Archer Armor
26:52 Bow Saw
26:42 Horse Collar
27:50 Gillnets
27:58 Bodkin Arrow
30:54 Imperial Age
28:39 Hand Cart
28:42 Heavy Plow
29:33 Thumb Ring
29:40 Gold Mining
30:56 Ballistics
32:42 Two-Man Saw
32:03 Stone Mining
yabin.belrojo
0:30 Loom
14:41 Feudal Age
18:00 Wheelbarrow
30:12 Castle Age
29:19 Double-Bit Axe
29:20 Horse Collar
32:22 Bow Saw
36:55 Gold Mining
Connection lost

Rejoining the realm…

Still unreachable

The connection could not be restored.

Session expired

The server has moved on; the page needs a fresh start.